 Dungeon Crawl Stone Soup version 0.30-a0-1160-g6e42c06551 (webtiles) character file.

Game seed: 12209925963552471992

1656 senseless the Covered (level 9, -1/56 HPs)
             Began as a Gargoyle Fighter on Apr 26, 2023.
             Slain by a cyclops (16 damage)
             ... on level 6 of the Dungeon.
             The game lasted 00:10:56 (4171 turns).

senseless the Covered (Gargoyle Fighter)            Turns: 4171, Time: 00:10:57

Health: -1/56      AC: 11    Str: 25    XL:     9   Next: 0%
Magic:  0/9        EV: 11    Int:  8    God:
Gold:   270        SH:  5    Dex:  9    Spells: 8/8 levels left

rFire   + . .        a - +4 mace
rCold   . . .        c - +0 buckler
rNeg    + . .        r - +1 robe "Qezevoucs" {-Tele rF+ Will+ Slay+5}
rPois   ∞            (helmet restricted)
rElec   +            (no cloak)
rCorr   .            p - +0 pair of gloves
SInv    .            (no boots)
Will    +....        v - amulet of guardian spirit
Stlth   +            (no ring)
HPRegen 0.29/turn    (no ring)
MPRegen 0.11/turn

%: no teleportation, guardian spirit
@: no status effects
A: sickness immunity, AC +6, negative energy resistance 1, electricity
resistance, torment resistance 1, petrification resistance, antennae 1,
MP-powered wands
a: no special abilities


You were on level 6 of the Dungeon.
You visited 1 branch of the dungeon, and saw 6 of its levels.

You collected 270 gold pieces.

Inventory:

Hand Weapons
 a - a +4 mace (weapon)
 b - a +6 sling
 u - a +0 war axe
 B - the +1 dagger of Traps {pain, Drain rC+++ Str+2 Dex-2}
   (You found it on level 5 of the Dungeon)

   Str:       It affects your strength (+2).
   Dex:       It affects your dexterity (-2).
   rC:        It renders you almost immune to cold.
   Drain:     It drains your maximum health when unequipped.
Armour
 c - a +0 buckler (worn)
 g - a +0 scale mail
 p - a +0 pair of gloves (worn)
 q - the +1 robe of Efroc {rPois rCorr Str-3}
   (You found it on level 3 of the Dungeon)

   Str:       It affects your strength (-3).
   rPois:     It protects you from poison.
   rCorr:     It protects you from acid and corrosion.
 r - the +1 robe "Qezevoucs" (worn) {-Tele rF+ Will+ Slay+5}
   (You found it on level 3 of the Dungeon)

   Slay:      It affects your accuracy & damage with ranged weapons and melee
   (+5).
   rF:        It protects you from fire.
   -Tele:     It prevents most forms of teleportation.
   Will:      It increases your willpower.
 C - a +0 troll leather armour
Magical Staves
 f - a staff of conjuration
Jewellery
 m - an amulet of magic regeneration
 v - an amulet of guardian spirit (around neck)
 y - an amulet of faith
Wands
 j - a wand of flame (22)
 t - a wand of roots (7)
 D - a wand of charming (12)
Scrolls
 e - 3 scrolls of amnesia
 w - a scroll of immolation {unknown}
Potions
 d - 2 potions of might
 h - 2 potions of ambrosia
 i - 3 potions of curing
 k - a potion of flight
 l - a potion of invisibility
 n - a potion of heal wounds
 o - a potion of berserk rage
 s - a potion of attraction {unknown}
 x - 2 potions of lignification
 z - 2 potions of haste {unknown}
 A - a potion of resistance {unknown}


   Skills:
 + Level 6.3 Fighting
 + Level 4.8 Axes
 + Level 4.6 Ranged Weapons
 + Level 6.4 Armour
 + Level 6.2 Shields


You had 8 spell levels left.
You didn't know any spells.
Your spell library contained the following spells:

 Spells                   Type           Power      Damage    Failure   Level
 Kiss of Death            Conj/Necr      0%         2d5       45%         1
 Confusing Touch          Hex            0%         N/A       83%         3
 Portal Projectile        Hex/Tloc       0%         N/A       83%         3
 Tukima's Dance           Hex            0%         N/A       83%         3
 Dispel Undead            Necr           0%         3d6       99%         4
 Blade Hands              Tmut           0%         N/A       100%        5
 Death Channel            Necr           0%         N/A       100%        6
 Cigotuvi's Dreadful Rot  Necr/Pois/Air  Unusable   N/A       N/A         2

Dungeon Overview and Level Annotations

Branches:
Dungeon (6/15)
 Temple: D:4-7

Altars:
Fedhas
Yredelemnul
Zin

Shops:
D:4 *


Innate Abilities, Weirdness & Mutations

You are immune to sickness and miasma.
Your stone body is resilient. (AC +6)
You are immune to poison.
You resist negative energy. (rN+)
You are resistant to electric shocks. (rElec)
You are resistant to unholy torment.
You are immune to petrification.
You have a pair of small antennae on your head.
You expend magic power (3 MP) to strengthen your wands.


Message History

You shoot a sling bullet. The sling bullet hits the iguana!
You kill the iguana!
No target in view!
You open the door.
A cyclops, an orc priest, a jelly and a sky beast come into view.
The cyclops shouts!
The orc priest shouts!
The jelly quivers.
Found a club.
You shoot a sling bullet. The sling bullet hits the sky beast!
The sky beast is heavily wounded.
The sky beast closely misses you.
a - a +4 mace (weapon)
The sky beast hits you. The sky beast shocks you. You resist.
You closely miss the sky beast.
The sky beast is heavily wounded.
The orc priest begins to cast a cantrip, but forgets the words!
The sky beast hits you. The sky beast shocks you. You resist.
You thump the sky beast!
The sky beast is almost dead.
You block the sky beast's attack.
You sock the sky beast!
You kill the sky beast!
The orc priest calls down the wrath of Beogh upon you.
Beogh smites you!
The orc priest mumbles some strange prayers to Beogh against you.
Beogh smites you!
You have reached level 9!
Your experience leads to an increase in your attributes!
Increase (S)trength, (I)ntelligence, or (D)exterity?
You feel stronger. x2
You sock the cyclops!
The cyclops is moderately wounded.
You sock the cyclops!
The cyclops is moderately wounded.
The cyclops hits you!
* * * LOW HITPOINT WARNING * * *
You hit the cyclops but do no damage.
The cyclops is moderately wounded.
The cyclops hits you!!
You die...

#.#### # ##. ...
... ### ... #.)#
#.##...# #.#J..#
. +#.#Co# .#
...###..@###...#
.......8........
..###...###..†.
+#.#+ .. {{#.#
##.## .#
{##...## ..
#.####.....###
##.##
#..............
...#


You could see a cyclops, a jelly and an orc priest.

Vanquished Creatures
  A troll (D:6)
  Sigmund (D:5)
  A wraith (D:5)
  Eustachio (D:5)
  A sky beast (D:6)
  A black bear (D:4)
  A centaur (D:5)
  An ogre (D:5)
  2 phantoms (D:5)
  3 jellies
  A hound (D:5)
  2 iguanas
  Ijyb (D:3)
  A spectral hound (D:5)
  A spectral howler monkey (D:5)
  A hound skeleton (D:5)
  7 gnolls (D:5)
  7 adders
  An adder skeleton (D:5)
  A dart slug (D:4)
  19 orcs
  5 bats
  7 endoplasms
  3 giant cockroaches
  4 goblins
  6 hobgoblins
  4 quokkas
  4 ball pythons
  3 frilled lizards
  4 kobolds
  5 rats
100 creatures vanquished.

Vanquished Creatures (others)
  26 fungi
  8 withered plants (D:5)
34 creatures vanquished.

Grand Total: 134 creatures vanquished

Notes
Turn   | Place    | Note
-------+----------+-------------------------------------------
     0 | D:1      | senseless the Gargoyle Fighter began the quest for the Orb.
     0 | D:1      | Reached XP level 1. HP: 14/14 MP: 1/1
    94 | D:1      | Reached XP level 2. HP: 5/19 MP: 2/2
   244 | D:1      | Found a faded altar of an unknown god.
   760 | D:2      | Reached XP level 3. HP: 24/24 MP: 3/3
  1339 | D:3      | Reached skill level 1 in Ranged Weapons
  1374 | D:3      | Identified the +1 robe of Efroc {rPois rCorr Str-3}
  1386 | D:3      | Reached XP level 4. HP: 29/29 MP: 4/4
  1421 | D:3      | Identified the +1 robe "Qezevoucs" {-Tele rF+ Will+ Slay+5}
  1642 | D:3      | Noticed Ijyb
  1651 | D:3      | Killed Ijyb
  1652 | D:3      | Reached XP level 5. HP: 16/33 MP: 5/5
  1890 | D:3      | Found a basalt altar of Yredelemnul.
  2144 | D:4      | Found Meuse's Overcharged Wands.
  2231 | D:4      | Noticed a black bear
  2242 | D:4      | Killed a black bear
  2243 | D:4      | Reached XP level 6. HP: 9/39 MP: 0/6
  2663 | D:4      | Found a blossoming altar of Fedhas.
  2807 | D:5      | Entered Level 5 of the Dungeon
  2923 | D:5      | Gained mutation: You have a pair of small antennae on your
                  | head. [potion of mutation]
  2923 | D:5      | Gained mutation: You expend magic power (3 MP) to
                  | strengthen your wands. [potion of mutation]
  2934 | D:5      | Noticed Eustachio
  2944 | D:5      | Killed Eustachio
  2945 | D:5      | Reached XP level 7. HP: 40/44 MP: 7/7
  3140 | D:5      | Noticed Sigmund
  3147 | D:5      | Killed Sigmund
  3148 | D:5      | Reached skill level 5 in Fighting
  3148 | D:5      | Reached skill level 5 in Armour
  3148 | D:5      | Reached skill level 5 in Shields
  3193 | D:5      | Found a glowing silver altar of Zin.
  3302 | D:5      | Reached XP level 8. HP: 41/50 MP: 5/8
  3499 | D:5      | Noticed a wraith
  3527 | D:5      | Killed a wraith
  3631 | D:5      | Identified the +1 dagger of Traps {pain, Drain rC+++ Str+2
                  | Dex-2}
  4080 | D:6      | Noticed a troll
  4091 | D:6      | Killed a troll
  4163 | D:6      | Noticed a cyclops
  4169 | D:6      | Reached XP level 9. HP: 25/56 MP: 3/9
  4171 | D:6      | Slain by a cyclops

Illustrated notes

Levels and vault maps discovered:
D:1:      amcnicky_arrival_abandoned_market, layout_basic,
          hellmonk_ecumenical_altar_leap_of_faith
D:2:      layout_rooms
D:3:      layout_loops_ring, general_overflow_altar, st_stairs_12, uniq_ijyb
D:4:      layout_basic, mainiacjoe_overflow_chevrons,
          nicolae_shop_overcharged_wands
D:5:      nicolae_cairo_tiling_large_dashed, layout_basic, zin_treasury,
          serial_aquarium, aquarium_bridge_island_small
          [aquarium_subvault_small_water, aquarium_subvault_window,
          aquarium_subvault_bridge, aquarium_subvault_bridge,
          aquarium_subvault_bridge], aquarium_bridge_square
          [aquarium_subvault_bridge, aquarium_subvault_bridge,
          aquarium_subvault_bridge, aquarium_subvault_bridge],
          aquarium_window_1, aquarium_window_1, aquarium_window_fake,
          aquarium_view_2d, aquarium_view_2b, aquarium_balcony_double_4,
          grunt_ministairs_3, dilly_guarded_unrand_morg, uniq_sigmund,
          uniq_eustachio
D:6:      cheibrodos_barr_body, layout_loops_ring, temple_hall,
          uniq_blork_the_orc

Skill      XL: |  1  2  3  4  5  6  7  8 |
---------------+-------------------------+-----
Axes           | 2 3 4 |  4.8
Ranged Weapons | 1 2 3 4 |  4.6
Armour         | 4 5 6 |  6.4
Fighting       | 4 5 6 |  6.3
Shields        | 4 5 6 |  6.2

Action                     |  1- 3 |  4- 6 |  7- 9 || total
---------------------------+-------+-------+-------++-------
  Melee: War axe           |    54 |    32 |       ||    86
         Mace              |       |    22 |    62 ||    84
   Fire: Sling             |    44 |    50 |    37 ||   131
    Use: Scroll            |       |    13 |     2 ||    15
         Potion            |       |     1 |     1 ||     2
 Armour: Scale mail        |    40 |    12 |       ||    52
         Robe              |       |    14 |    43 ||    57
  Dodge: Dodged            |    44 |    31 |    44 ||   119
  Block: Buckler           |     6 |    14 |    15 ||    35

Table legend: (Time is in decaauts)
 A = Elapsed time spent in this place.
 B = Non-inter-level travel time spent in this place.
 C = Inter-level travel time spent in this place.
 D = Time resting spent in this place.
 E = Time spent auto-exploring this place.
 F = Levels seen in this place.
 G = Mean time per level.
                   A        B        C        D        E       F      G
               +--------+--------+--------+--------+--------+-----+--------+
         Total |   4298 |   3970 |    328 |      0 |   3211 |   6 |  716.3 |
       Dungeon |   4298 |   3970 |    328 |      0 |   3211 |   6 |  716.3 |
               +--------+--------+--------+--------+--------+-----+--------+

Top non-repeatable levels by time:
     D:5: 1227 daAuts
     D:3: 831 daAuts
     D:4: 800 daAuts
     D:1: 761 daAuts
     D:2: 565 daAuts
     D:6: 112 daAuts
